 Dungeon Crawl Stone Soup version 0.18.1-50-g88ac8fd (webtiles) character file.

214 Peloso the Shield-Bearer (level 5, -4/49 HPs)
             Began as a Deep Dwarf Fighter on Oct 22, 2016.
             Killed by nerve-wracking pain
             ... invoked by a shadow imp
             ... summoned by Natasha
              (7 damage)
             ... on level 2 of the Dungeon.
             The game lasted 00:03:36 (727 turns).

Peloso the Shield-Bearer (Deep Dwarf Fighter)        Turns: 727, Time: 00:03:37

Health: -4/49      AC:  7    Str: 20    XL:     5   Next: 60%
Magic:  5/5        EV:  8    Int:  9    God:
Gold:   37         SH: 10    Dex: 12    Spells: 0 memorised, 4 levels left

rFire  + . .     SeeInvis .     a - +0 long sword
rCold  . . .     Gourm    .     b - +0 scale mail
rNeg   . . .     Faith    .     c - +0 shield
rPois  .         Spirit   .     (no helmet)
rElec  .         Dismiss  .     (no cloak)
rCorr  .         Reflect  .     (no gloves)
SustAt .         Harm     .     (no boots)
MR     .....                    (no amulet)
Stlth  ..........               (no ring)
                                k - ring of protection from fire

@: non-regenerating, not resistant to hostile enchantments, extremely unstealthy
A: damage resistance, recharge devices, sense surroundings 1, slow regeneration
3
a: Device Recharging


You were on level 2 of the Dungeon.
You were not hungry.

You visited 1 branch of the dungeon, and saw 2 of its levels.

You collected 37 gold pieces.

Inventory:

Hand Weapons
 a - a +0 long sword (weapon)
Armour
 b - a +0 scale mail (worn)
 c - a +0 shield (worn)
Jewellery
 k - a ring of protection from fire (left hand)
Wands
 e - a wand of heal wounds (5/9)
Scrolls
 h - 3 scrolls of immolation {unknown}
 i - 3 scrolls of identify {unknown}
 l - a scroll of amnesia {unknown}
Comestibles
 f - a bread ration
 g - 5 chunks of flesh
 j - a meat ration


   Skills:
 + Level 3.4 Fighting
 + Level 3.0 Long Blades
 + Level 4.4 Armour
 + Level 1.6 Dodging
 + Level 4.6 Shields


You had 4 spell levels left.
You didn't know any spells.

Dungeon Overview and Level Annotations

Branches:
Dungeon (2/15)

Altars:
Cheibriados

Annotations:
D:2 Natasha


Innate Abilities, Weirdness & Mutations

You are resistant to damage.
You can recharge devices by infusing magical energy.
You passively map a small area around you.
You do not regenerate naturally.


Message History

You block the shadow imp's attack.
Your shield prevents you from hitting Natasha.
You block Natasha's attack.
The shadow imp hits you but does no damage.
Natasha claws you.
You barely miss Natasha. The shadow imp gestures at you.
Pain shoots through your body! Natasha casts a spell at you.
The magic dart hits you!
You closely miss Natasha. The shadow imp gestures at you.
Pain shoots through your body!
* * * LOW HITPOINT WARNING * * *
The crimson imp hits you. Natasha claws you.
* * * LOW HITPOINT WARNING * * *
You closely miss Natasha. The shadow imp gestures at you.
Pain shoots through your body!
You die...

...#....##.##.##.#
...#....##.##.##.####
....................#
#..#.#..##.##.##.####
#.............##.#
#.##.#..##.#####.# ..
#.............#
##*###..##.#####.## *
#.........5@.#
#######.##.#####h5#
..................#
###.###..#..#####.#
.........#..#####.#
###.###.รท#........#
# #.# #..#.######.# #
#.# #..#.# #.# # #.#
#..#.# *


You could see Natasha, a crimson imp and a shadow imp.

Vanquished Creatures
  Sigmund (D:2)
  Natasha (D:2)
  2 oozes (D:1)
  A dart slug (D:2)
  A bat (D:2)
  A giant cockroach (D:1)
  4 goblins
  3 hobgoblins (D:1)
  3 jackals (D:1)
  2 kobolds (D:1)
  2 giant newts (D:1)
  3 rats (D:1)
24 creatures vanquished.

Notes
Turn   | Place    | Note
--------------------------------------------------------------
     0 | D:1      | Peloso the Deep Dwarf Fighter began the quest for the Orb.
     0 | D:1      | Reached XP level 1. HP: 20/20 MP: 1/1
   134 | D:1      | Reached XP level 2. HP: 27/27 MP: 2/2
   340 | D:1      | Reached XP level 3. HP: 23/33 MP: 3/3
   542 | D:2      | Found a snail-covered altar of Cheibriados.
   629 | D:2      | Noticed Sigmund
   641 | D:2      | Killed Sigmund
   641 | D:2      | Reached skill level 1 in Dodging
   641 | D:2      | Reached XP level 4. HP: 22/42 MP: 4/4
   641 | D:2      | Reached XP level 5. HP: 25/49 MP: 5/5
   678 | D:2      | Noticed Natasha
   682 | D:2      | Killed Natasha
   716 | D:2      | Noticed Natasha
   727 | D:2      | Killed from afar by a shadow imp

Skill      XL: |  1  2  3  4  5 |
---------------+----------------+-----
Fighting       | 3 |  3.4
Armour         | 4 |  4.4
Dodging        | 1 |  1.6
Shields        | 4 |  4.6
Long Blades    | 3 |  3.0

Action                   |  1- 3 |  4- 6 || total
-------------------------+-------+-------++-------
Melee: Long sword        |    75 |     7 ||    82
  Use: Potion            |     1 |       ||     1
Armor: Scale mail        |    25 |     4 ||    29
Dodge: Dodged            |    16 |     1 ||    17
Block: Shield            |    39 |     7 ||    46
